 Dungeon Crawl Stone Soup version 0.28-a0-1412-gf95308ed99 (webtiles) character file.

Game seed: 346011520896265016

611 sanka the Caller (level 7, -3/51 HPs)
             Began as a Gnoll Summoner on Jan 6, 2022.
             Slain by mcsplat's ghost (9 damage)
             ... on level 4 of the Dungeon.
             The game lasted 00:09:42 (7518 turns).

sanka the Caller (Gnoll Summoner)                   Turns: 7518, Time: 00:09:43

Health: -3/51      AC:  2    Str:  7    XL:     7   Next: 43%
Magic:  9/15       EV: 13    Int: 17    God:
Gold:   154        SH:  0    Dex: 12    Spells: 11/17 levels left

rFire   + . .      SeeInvis .   b - +2 long sword (holy)
rCold   . . .      Faith    .   (no shield)
rNeg    . . .      Spirit   .   l - +0 robe
rPois   .          Reflect  .   (no helmet)
rElec   .          Harm     .   (no cloak)
rCorr   .          Rampage  .   (no gloves)
Will    +....                   (no boots)
Stlth   +++.......              (no amulet)
HPRegen 0.17/turn               j - ring of protection from fire
MPRegen 0.14/turn               r - ring of willpower

@: no status effects
A: fangs 1, strong nose, distributed training
a: no special abilities


You were on level 4 of the Dungeon.
You visited 1 branch of the dungeon, and saw 4 of its levels.

You collected 154 gold pieces.


Innate Abilities, Weirdness & Mutations

You have very sharp teeth.
Your uncanny sense of smell can sniff out nearby items.
Your experience applies equally to all skills.


   Skills:
 + Level 2.5 Fighting
 + Level 2.5 Short Blades
 + Level 2.5 Long Blades
 + Level 2.5 Axes
 + Level 2.5 Maces & Flails
 + Level 2.5 Polearms
 + Level 2.5 Staves
 + Level 2.5 Slings
 + Level 2.5 Bows
 + Level 2.5 Crossbows
 + Level 2.5 Throwing
 + Level 2.5 Armour
 + Level 5.2 Dodging
 + Level 4.9 Stealth
 + Level 2.5 Shields
 + Level 2.5 Unarmed Combat
 + Level 5.6 Spellcasting
 + Level 2.0 Conjurations
 + Level 2.0 Hexes
 + Level 7.4 Summonings
 + Level 2.0 Necromancy
 + Level 2.0 Translocations
 + Level 2.0 Transmutations
 + Level 2.0 Fire Magic
 + Level 2.0 Ice Magic
 + Level 2.0 Air Magic
 + Level 2.0 Earth Magic
 + Level 2.0 Poison Magic
 + Level 2.7 Invocations
 + Level 2.5 Evocations


You had 11 spell levels left.
You knew the following spells:

 Your Spells              Type           Power      Damage    Failure   Level
c - Call Canine Familiar  Summ           30%        N/A       1%          3
x - Call Imp              Summ           30%        N/A       1%          2
z - Summon Small Mammal   Summ           100%       N/A       1%          1

Your spell library contained the following spells:

 Spells                   Type           Power      Damage    Failure   Level
 Summon Guardian Golem    Hex/Summ       20%        N/A       6%          3
 Blink                    Tloc           22%        N/A       9%          2
 Lesser Beckoning         Tloc           11%        N/A       17%         3
 Summon Lightning Spire   Summ/Air       20%        N/A       19%         4
 Manifold Assault         Tloc           11%        N/A       85%         5

Inventory:

Hand Weapons
 a - a +3 dagger of venom
 b - a +2 long sword of holy wrath (weapon)
 q - a +0 halberd
Missiles
 s - 14 poisoned darts
Armour
 l - a +0 robe (worn)
Jewellery
 h - a ring of flight
 j - a ring of protection from fire (left hand)
 r - a ring of willpower (right hand)
Scrolls
 d - 6 scrolls of identify {unknown}
 e - a scroll of teleportation {unknown}
 g - a scroll of summoning {unknown}
 i - a scroll of holy word {unknown}
 m - a scroll of fog {unknown}
 n - a scroll of enchant weapon {unknown}
 p - a scroll of magic mapping {unknown}
 u - a scroll of vulnerability {unknown}
Potions
 c - a potion of lignification {unknown}
 f - a potion of flight {unknown}
 k - a potion of brilliance {unknown}
 o - a potion of curing {unknown}
 t - a potion of might {unknown}

Dungeon Overview and Level Annotations

Branches:
Dungeon (4/15)
 Temple: D:4-7

Altars:

Annotations:
D:4 mcsplat's ghost, amateur DrCA

▒..▒▒..!..▒▒........▒▒...
▒..'...♣..⌠▒........▒..▒▒
▒..▒▒..?..▒▒...▒▒.▒...▒..
▒...▒▒...▒▒...▒▒▒.▒▒▒..<▒
▒....▒▒⌠▒▒....▒▒▒........
▒.▒...▒▒▒.......▒...▒....
▒....#h.....▒.▒..........
▒▒▒▒▒..W..........▒▒▒....
▒▒..g......▒▒▒▒ ▒....
▒▒▒▒......▒ ▒▒▒▒▒
▒......▒▒▒▒▒▒▒▒..
▒...............▒
▒....▒▒▒▒▒▒▒▒▒▒▒▒ ▒....▒
▒....▒ ▒....▒ ▒▒▒▒▒▒


You could see mcsplat's ghost (ally target) and a friendly hound (summoned).


Message History

Mcsplat's ghost hits you!
* * * LOW HITPOINT WARNING * * *
Mcsplat's ghost freezes you.
* * * LOW HITPOINT WARNING * * *
Your shadow imp hits mcsplat's ghost but does no damage.
You hit mcsplat's ghost but do no damage.
Mcsplat's ghost is moderately damaged.
Your hound closely misses mcsplat's ghost.
Mcsplat's ghost closely misses you.
Your shadow imp barely misses mcsplat's ghost.
Your hound barely misses mcsplat's ghost.
Unknown command.
Unknown command.
Your hound bites mcsplat's ghost.
Mcsplat's ghost hits you.
* * * LOW HITPOINT WARNING * * *
Mcsplat's ghost freezes you.
* * * LOW HITPOINT WARNING * * *
Your shadow imp barely misses mcsplat's ghost.
Your hound misses mcsplat's ghost.
Your hound bites mcsplat's ghost but does no damage.
Your shadow imp hits mcsplat's ghost but does no damage.
Your hound closely misses mcsplat's ghost.
Your shadow imp closely misses mcsplat's ghost.
Your hound closely misses mcsplat's ghost.
Your shadow imp barely misses mcsplat's ghost.
Your hound bites mcsplat's ghost but does no damage.
Mcsplat's ghost says, "I burned twice as bright, and look where it got me..."
Mcsplat's ghost hits you!
You die...

Action                   |  1- 3 |  4- 6 |  7- 9 || total
-------------------------+-------+-------+-------++-------
Melee: Dagger            |    77 |   110 |    28 ||   215
       Bite              |     8 |    18 |     3 ||    29
       Spear             |       |     7 |       ||     7
       Punch             |       |     3 |       ||     3
       Quarterstaff      |       |     4 |       ||     4
       Long sword        |       |       |     8 ||     8
 Cast: Summon Small Mamm |     9 |       |       ||     9
       Call Imp          |    12 |     5 |     5 ||    22
       Call Canine Famil |     4 |     3 |     3 ||    10
 Stab: Sleeping          |     5 |     7 |     1 ||    13
       Distracted        |     1 |     1 |       ||     2
Armor: Robe              |    12 |     4 |     2 ||    18
Dodge: Dodged            |    52 |    86 |    16 ||   154

Levels and vault maps discovered:
D:1:      elethiomel_arrival_shortcut, layout_basic, minmay_misc_feat_ornament
D:2:      layout_basic, minmay_misc_feat_pillars, grunt_decor_resistance
D:3:      layout_basic, grunt_decor_one_mirror
D:4:      layout_rooms, hellmonk_ghost_happy_afterlife, uniq_blork_the_orc

Notes
Turn   | Place    | Note
-------+----------+-------------------------------------------
     0 | D:1      | sanka the Gnoll Summoner began the quest for the Orb.
     0 | D:1      | Reached XP level 1. HP: 13/13 MP: 6/6
   380 | D:1      | Reached XP level 2. HP: 6/19 MP: 3/7
   662 | D:1      | Learned a level 2 spell: Call Imp
  1742 | D:1      | Reached skill level 5 in Spellcasting
  1742 | D:1      | Reached XP level 3. HP: 25/25 MP: 5/9
  2006 | D:2      | Reached skill level 1 in Invocations
  2270 | D:2      | Learned a level 3 spell: Call Canine Familiar
  2300 | D:2      | Reached skill level 1 in Fighting
  2300 | D:2      | Reached skill level 1 in Short Blades
  2300 | D:2      | Reached skill level 1 in Long Blades
  2300 | D:2      | Reached skill level 1 in Axes
  2300 | D:2      | Reached skill level 1 in Maces & Flails
  2300 | D:2      | Reached skill level 1 in Polearms
  2300 | D:2      | Reached skill level 1 in Staves
  2300 | D:2      | Reached skill level 1 in Slings
  2300 | D:2      | Reached skill level 1 in Bows
  2300 | D:2      | Reached skill level 1 in Crossbows
  2300 | D:2      | Reached skill level 1 in Throwing
  2300 | D:2      | Reached skill level 1 in Armour
  2300 | D:2      | Reached skill level 1 in Shields
  2300 | D:2      | Reached skill level 1 in Unarmed Combat
  2300 | D:2      | Reached skill level 1 in Evocations
  2357 | D:2      | HP: 1/26 [gnoll (3)]
  2743 | D:2      | Reached XP level 4. HP: 17/32 MP: 6/11
  3250 | D:2      | Reached skill level 1 in Conjurations
  3250 | D:2      | Reached skill level 1 in Hexes
  3250 | D:2      | Reached skill level 1 in Necromancy
  3250 | D:2      | Reached skill level 1 in Translocations
  3250 | D:2      | Reached skill level 1 in Transmutations
  3250 | D:2      | Reached skill level 1 in Fire Magic
  3250 | D:2      | Reached skill level 1 in Ice Magic
  3250 | D:2      | Reached skill level 1 in Air Magic
  3250 | D:2      | Reached skill level 1 in Earth Magic
  3250 | D:2      | Reached skill level 1 in Poison Magic
  4500 | D:3      | Reached XP level 5. HP: 30/37 MP: 12/12
  5542 | D:4      | Noticed Blork the orc
  5697 | D:4      | Reached skill level 2 in Invocations
  5697 | D:4      | Reached XP level 6. HP: 41/44 MP: 8/13
  5849 | D:3      | Reached skill level 5 in Dodging
  6135 | D:4      | Reached skill level 2 in Fighting
  6135 | D:4      | Reached skill level 2 in Short Blades
  6135 | D:4      | Reached skill level 2 in Long Blades
  6135 | D:4      | Reached skill level 2 in Axes
  6135 | D:4      | Reached skill level 2 in Maces & Flails
  6135 | D:4      | Reached skill level 2 in Polearms
  6135 | D:4      | Reached skill level 2 in Staves
  6135 | D:4      | Reached skill level 2 in Slings
  6135 | D:4      | Reached skill level 2 in Bows
  6135 | D:4      | Reached skill level 2 in Crossbows
  6135 | D:4      | Reached skill level 2 in Throwing
  6135 | D:4      | Reached skill level 2 in Armour
  6135 | D:4      | Reached skill level 2 in Shields
  6135 | D:4      | Reached skill level 2 in Unarmed Combat
  6135 | D:4      | Reached skill level 2 in Evocations
  6499 | D:3      | Reached XP level 7. HP: 43/50 MP: 15/15
  6891 | D:4      | Killed Blork the orc
  6898 | D:4      | Reached skill level 2 in Conjurations
  6898 | D:4      | Reached skill level 2 in Hexes
  6898 | D:4      | Reached skill level 2 in Necromancy
  6898 | D:4      | Reached skill level 2 in Translocations
  6898 | D:4      | Reached skill level 2 in Transmutations
  6898 | D:4      | Reached skill level 2 in Fire Magic
  6898 | D:4      | Reached skill level 2 in Ice Magic
  6898 | D:4      | Reached skill level 2 in Air Magic
  6898 | D:4      | Reached skill level 2 in Earth Magic
  6898 | D:4      | Reached skill level 2 in Poison Magic
  7321 | D:4      | Found a runed translucent door.
  7321 | D:4      | Noticed mcsplat's ghost (amateur DrCA)
  7511 | D:4      | HP: 5/51 [mcsplat's ghost (1)]
  7518 | D:4      | Slain by mcsplat's ghost

Vanquished Creatures
  Blork the orc (D:4)
  2 scorpions (D:4)
  A howler monkey (D:4)
  2 orc priests (D:3)
  A hound skeleton (D:4)
  8 gnolls
  4 adders
  A dart slug (D:3)
  8 orcs
  2 ball pythons (D:1)
  5 endoplasms
  3 hobgoblins
  A kobold (D:1)
  4 quokkas
  3 bats
  2 frilled lizards
  6 goblins
  4 rats
58 creatures vanquished.

Vanquished Creatures (collateral kills)
  A water moccasin skeleton (D:4)
  An iguana (D:4)
  3 gnolls (D:2)
  4 adders (D:2)
  A dart slug (D:4)
  A ball python (D:4)
  2 endoplasms (D:1)
  A giant cockroach (D:4)
  A goblin (D:1)
  2 hobgoblins (D:1)
  3 kobolds
  A quokka (D:2)
  2 rats (D:2)
23 creatures vanquished.

Grand Total: 81 creatures vanquished
